 Dungeon Crawl Stone Soup version 0.29.0-4-gdea44cf6ec (webtiles) character file.

Game seed: 10712749858517837608

17 tbh1313 the Sneak (level 2, -1/13 HPs)
             Began as a Spriggan Enchanter on Aug 27, 2022.
             Killed by nerve-wracking pain
             ... invoked by Jessica
              (13 damage)
             ... on level 2 of the Dungeon.
             The game lasted 00:02:27 (1401 turns).

tbh1313 the Sneak (Spriggan Enchanter)              Turns: 1401, Time: 00:02:28

Health: -1/13      AC:  2    Str:  4    XL:     2   Next: 44%
Magic:  6/6        EV: 14    Int: 16    God:
Gold:   27         SH:  0    Dex: 15    Spells: 6/6 levels left

rFire   . . .      SeeInvis +   a - +1 dagger
rCold   . . .      Faith    .   (no shield)
rNeg    . . .      Spirit   .   b - +0 robe
rPois   .          Reflect  .   (helmet restricted)
rElec   .          Harm     .   (no cloak)
rCorr   .          Rampage  .   (gloves unavailable)
Will    .....                   (boots unavailable)
Stlth   +++.......              (no amulet)
HPRegen 0.04/turn               (no ring)
MPRegen 0.10/turn               (no ring)

@: constricted, very quick
A: very small, no large weapons, unfitting armour, see invisible, speed 3
a: no special abilities


You were on level 2 of the Dungeon.
You visited 1 branch of the dungeon, and saw 2 of its levels.

You collected 27 gold pieces.

Inventory:

Hand Weapons
 a - a +1 dagger (weapon)
Armour
 b - a +0 robe (worn)
Scrolls
 f - a scroll of enchant armour {unknown}
 h - 2 scrolls of butterflies {unknown}
Potions
 c - 2 potions of invisibility
 d - a potion of ambrosia {unknown}
 e - a potion of attraction {unknown}
 g - a potion of heal wounds {unknown}


   Skills:
 + Level 2.1 Short Blades
 - Level 2.6 Dodging
 + Level 4.6 Stealth
 - Level 2.8 Spellcasting
 - Level 4.0 Hexes


You had 6 spell levels left.
You didn't know any spells.
Your spell library contained the following spells:

 Spells                   Type           Power      Damage    Failure   Level
 Confusing Touch          Hex            15%        N/A       11%         3
 Tukima's Dance           Hex            15%        N/A       11%         3
 Ensorcelled Hibernation  Hex/Ice        16%        N/A       13%         2
 Dazzling Flash           Conj/Hex       16%        N/A       26%         3


Dungeon Overview and Level Annotations

Branches:
Dungeon (2/15)

Altars:

Annotations:
D:2 Jessica


Innate Abilities, Weirdness & Mutations

You are very small and have problems with some larger weapons.
You are too small for most types of armour.
You have supernaturally acute eyesight. (SInv)
You cover ground extremely quickly. (Speed+++)


Message History

You open the door.
You see here a +0 hand axe.
There is a stone staircase leading down here.
You see here 3 stones.
There is a stone staircase leading down here.
There is a stone staircase leading down here.
You see here 3 stones.
You open the door.
There is an open door here.
You open the door.
There is an open door here.
Done exploring.
Done exploring.
(D) Dungeon
Where to? (? - help)
There is a stone staircase leading down here.
You climb downwards.
There is a stone staircase leading up here.
Found an escape hatch in the floor.
There is an escape hatch in the floor here.
Found an escape hatch in the ceiling.
There is an escape hatch in the ceiling here.
Found a falchion.
No target in view!
You now have 17 gold pieces (gained 9).
h - a scroll labelled UVEMOI EXTYH You now have 27 gold pieces (gained 10).
h - 2 scrolls labelled UVEMOI EXTYH (gained 1) Jessica and a ball python come into view.
Found a scroll labelled UVEMOI EXTYH and a dagger.
The ball python hisses angrily.
Jessica shouts!
The ball python closely misses you. The ball python grabs you.
The ball python constricts you.
You hit the ball python.
The ball python is moderately wounded.
The ball python closely misses you. The ball python constricts you.
Jessica points at you and mumbles some strange words.
Pain shoots through your body!
Ouch! That really hurt!
You die...

#.# #### #.# ### #...
#.# #.. #.... #.####
#.# #.... ###.... #.#
#....##....# #.#
#..........###### #.#
#...............# #.#
#...@.@.#..####.# #.#
#?...S..#..# #.# #)#.#
#.......#..# #.# #.#.#
#.......#..####.# #.#.#
#.......#.......###.#.#
#######)............#.#
..........###.#.#
#.#######.###.#.#
..............<.


You could see Jessica and a ball python.

Vanquished Creatures
  A dart slug (D:1)
  An endoplasm (D:1)
  A giant cockroach (D:1)
  2 goblins (D:1)
  3 hobgoblins (D:1)
  A quokka (D:1)
  2 frilled lizards (D:1)
  A kobold (D:1)
  2 rats (D:1)
14 creatures vanquished.

Notes
Turn   | Place    | Note
-------+----------+-------------------------------------------
     0 | D:1      | tbh1313 the Spriggan Enchanter began the quest for the Orb.
     0 | D:1      | Reached XP level 1. HP: 9/9 MP: 5/5
   471 | D:1      | Found a faded altar of an unknown god.
   507 | D:1      | Reached XP level 2. HP: 13/13 MP: 6/6
  1396 | D:2      | Noticed Jessica
  1401 | D:2      | Killed from afar by Jessica

Illustrated notes

Levels and vault maps discovered:
D:1:      scummos_arrival_checkerplants, layout_basic,
          shapermc_ecumenical_altar_hornbeckon, minmay_misc_feat_iff
D:2:      layout_basic, uniq_jessica

Skill      XL: |  1  2 |
---------------+-------+-----
Hexes          | 4 |  4.0
Short Blades   | 2 |  2.1
Dodging        | |  2.6
Stealth        | |  4.6
Spellcasting   | |  2.8

Action                   || total
-------------------------++-------
Melee: Dagger            ||    51
 Stab: Sleeping          ||     3
Armor: Robe              ||     8
Dodge: Dodged            ||    35
